Map: Defender's Landing LE

Players

Juxtapose

  • Race: Protoss Protoss
  • Spawn Location: 1:00

Odarnoc - Winner!

  • Race: Protoss Protoss
  • League: Gold
  • Spawn Location: 7:00

VOD

https://youtu.be/wjdHLtntSCY

Description

I get out-harassed in this match, which costs me the game. I still need to watch the Replay, but I'm hoping to learn a good bit from it since my Protoss game is very poor.

Time

  • Played on: June 8, 2017, 8:22 p.m.
  • Length: 15:21
Show
View Real Time Build Order
Export as new Build Order

Juxtapose Protoss 

Build Orders: Oracle Opening 

Get SALT Encoding   

  12  0:01  Probe (Chrono Boost)  
  13  0:12  Probe (Chrono Boost)  
  14  0:21  Pylon  
  14  0:23  Probe (Chrono Boost)  
  15  0:39  Probe (Chrono Boost)  
  16  0:43  Gateway  
  16  0:50  Probe (Chrono Boost)  
  16  0:55  Assimilator  
  17  1:01  Probe (Chrono Boost)  
  19  1:11  Probe (Chrono Boost)  
  19  1:30  Zealot  
  21  1:33  Cybernetics Core  
  21  1:40  Assimilator  
  21  1:49  Probe (Chrono Boost)  
  22  1:59  Probe (Chrono Boost)  
  23  2:11  Pylon  
  23  2:14  Pylon  
  23  2:29  Zealot  
  25  2:48  Stargate  
  25  2:50  Probe (Chrono Boost)  
  26  3:04  Probe (Chrono Boost)  
  27  3:14  Probe (Chrono Boost)  
  28  3:26  Nexus  
  28  3:28  Pylon  
  28  3:30  Pylon  
  28  3:34  Oracle  
  27  3:35  Warp Gate  
  24  4:05  Oracle  
  24  4:06  Stalker  
  22  4:26  Probe (Chrono Boost)  
  24  4:38  Probe (Chrono Boost)  
  24  4:44  Forge  
  24  4:50  Probe (Chrono Boost)  
  25  5:03  Probe (Chrono Boost)  
  23  5:15  Probe (Chrono Boost)  
  23  5:23  Probe (Chrono Boost)  
  24  5:34  Probe x2 (Chrono Boost)  
  26  5:45  Probe (Chrono Boost)  
  26  5:48  Photon Cannon  
  27  5:52  Probe (Chrono Boost)  
  27  5:55  Probe (Chrono Boost)  
  29  6:06  Probe (Chrono Boost)  
  24  6:28  Photon Cannon  
  24  6:32  Photon Cannon  
  24  6:35  Photon Cannon, Probe (Chrono Boost)  
  25  6:46  Probe (Chrono Boost)  
  25  6:47  Probe (Chrono Boost)  
  27  6:59  Probe (Chrono Boost)  
  28  7:03  Probe (Chrono Boost)  
  29  7:11  Probe (Chrono Boost)  
  29  7:13  Probe (Chrono Boost)  
  32  7:23  Probe (Chrono Boost)  
  32  7:35  Probe (Chrono Boost)  
  33  7:42  Probe (Chrono Boost)  
  34  7:46  Mothership Core (Chrono Boost)  
  36  7:54  Gateway, Probe (Chrono Boost)  
  31  8:05  Pylon  
  31  8:15  Probe (Chrono Boost)  
  32  8:25  Gateway  
  32  8:26  Probe (Chrono Boost)  
  33  8:30  Probe (Chrono Boost)  
  34  8:36  Probe (Chrono Boost)  
  34  8:37  Photon Cannon  
  36  8:41  Probe (Chrono Boost)  
  36  8:47  Probe (Chrono Boost)  
  37  8:51  Probe (Chrono Boost)  
  38  8:56  Photon Cannon  
  38  8:58  Probe (Chrono Boost)  
  38  9:02  Probe (Chrono Boost)  
  40  9:08  Zealot x2, Probe (Chrono Boost)  
  45  9:17  Twilight Council  
  45  9:19  Probe (Chrono Boost)  
  45  9:20  Probe (Chrono Boost)  
  47  9:29  Probe (Chrono Boost)  
  47  9:30  Probe (Chrono Boost)  
  49  9:39  Phoenix  
  49  9:41  Probe (Chrono Boost)  
  52  9:49  Charge  
  52  9:51  Probe (Chrono Boost)  
  53  9:54  Assimilator  
  53  9:57  Assimilator  
  53  9:59  Zealot  
  55  10:00  Zealot  
  57  10:07  Protoss Ground Weapons Level 1  
  57  10:18  Pylon  
  57  10:20  Robotics Facility  
  57  10:45  Nexus  
  57  10:46  Pylon  
  57  10:49  Pylon  
  52  10:51  Stalker x3  
  58  11:10  Immortal  
  62  11:15  Probe (Chrono Boost)  
  64  11:25  Probe (Chrono Boost)  
  64  11:36  Probe (Chrono Boost)  
  64  11:38  Photon Cannon  
  65  11:40  Photon Cannon  
  65  11:47  Probe (Chrono Boost)  
  66  11:49  Robotics Bay, Immortal  
  66  11:53  Protoss Ground Armor Level 1  
  70  11:54  Stalker  
  70  11:55  Stalker x2  
  70  11:57  Probe (Chrono Boost)  
  77  12:04  Probe (Chrono Boost)  
  78  12:13  Blink  
  78  12:15  Probe (Chrono Boost)  
  79  12:16  Probe (Chrono Boost)  
  79  12:21  Sentry  
  79  12:22  Sentry  
  84  12:25  Zealot  
  86  12:31  Immortal  
  90  12:37  Extended Thermal Lance  
  90  12:40  Probe x2 (Chrono Boost)  
  90  12:41  Probe (Chrono Boost)  
  93  12:51  Zealot x2  
  95  12:53  Probe (Chrono Boost)  
  98  13:02  Probe x2 (Chrono Boost)  
  98  13:04  Assimilator  
  100  13:06  Assimilator  
  100  13:10  Immortal  
  115  13:34  Phoenix  
  60  13:38  Zealot x3  
  66  13:46  Mothership Core (Chrono Boost)  
  70  13:48  Probe (Chrono Boost)  
  70  13:50  Probe (Chrono Boost)  
  70  13:54  Immortal  
  74  13:59  Phoenix  
  74  14:02  Probe (Chrono Boost)  
  77  14:15  Stalker x2  
  77  14:16  Stalker  
  63  14:34  Immortal  
  63  14:36  Phoenix  
  54  14:56  Nexus  
  54  14:58  Pylon  
  53  15:01  Pylon  
Show
View Real Time Build Order
Export as new Build Order

Odarnoc Protoss - Winner!

Build Orders: Oracle Opening 

Get SALT Encoding   

  12  0:11  Pylon  
  12  0:30  Gateway  
  12  0:31  Probe (Chrono Boost)  
  12  0:35  Assimilator  
  13  0:42  Assimilator  
  13  0:46  Probe (Chrono Boost)  
  14  0:56  Probe (Chrono Boost)  
  15  1:08  Probe (Chrono Boost)  
  16  1:18  Probe (Chrono Boost)  
  16  1:23  Cybernetics Core  
  17  1:34  Probe (Chrono Boost)  
  17  1:39  Pylon  
  18  1:47  Probe (Chrono Boost)  
  19  1:58  Probe (Chrono Boost)  
  20  2:01  Warp Gate  
  20  2:02  Stargate  
  20  2:11  Probe (Chrono Boost)  
  21  2:26  Probe (Chrono Boost)  
  21  2:28  Stalker  
  26  2:37  Mothership Core (Chrono Boost)  
  26  2:46  Oracle  
  29  3:03  Gateway  
  29  3:12  Sentry  
  31  3:51  Nexus  
  31  3:52  Forge  
  31  4:33  Photon Cannon  
  31  4:40  Photon Cannon  
  31  4:46  Pylon  
  25  5:09  Probe (Chrono Boost)  
  26  5:21  Probe (Chrono Boost)  
  27  5:25  Phoenix  
  29  5:28  Stalker  
  29  5:30  Stalker  
  29  5:33  Probe (Chrono Boost)  
  29  5:35  Probe (Chrono Boost)  
  35  5:44  Probe (Chrono Boost)  
  35  5:45  Twilight Council  
  35  5:48  Probe (Chrono Boost)  
  35  5:49  Photon Cannon  
  37  5:55  Stalker, Probe (Chrono Boost)  
  37  5:56  Stalker  
  42  5:58  Probe (Chrono Boost)  
  43  6:05  Probe (Chrono Boost)  
  43  6:09  Probe (Chrono Boost)  
  45  6:24  Probe x2 (Chrono Boost)  
  47  6:28  Stalker  
  47  6:29  Stalker  
  51  6:35  Pylon, Probe x2 (Chrono Boost)  
  51  6:39  Pylon  
  53  6:45  Pylon  
  53  6:47  Blink  
  53  6:51  Probe (Chrono Boost)  
  53  6:54  Probe (Chrono Boost)  
  55  7:02  Probe (Chrono Boost)  
  55  7:05  Gateway  
  56  7:26  Probe x2 (Chrono Boost)  
  58  7:36  Photon Cannon, Probe x2 (Chrono Boost)  
  60  7:39  Assimilator  
  60  7:42  Assimilator, Stalker x2  
  64  7:44  Void Ray  
  68  8:06  Protoss Shields Level 1  
  68  8:20  Pylon  
  68  8:25  Sentry  
  68  8:26  Sentry, Pylon  
  72  8:33  Void Ray  
  76  8:36  Stalker  
  78  8:58  Sentry  
  78  8:59  Sentry  
  82  9:05  Gateway, Photon Cannon  
  82  9:11  Stalker  
  82  9:15  Nexus  
  84  9:18  Pylon  
  84  9:20  Charge  
  84  9:23  Void Ray  
  88  9:31  Robotics Facility  
  88  9:37  Dark Shrine, Probe x2 (Chrono Boost)  
  90  10:00  Protoss Ground Armor Level 1  
  90  10:08  Pylon  
  90  10:17  Photon Cannon  
  90  10:19  Void Ray, Observer  
  95  10:39  Probe x2 (Chrono Boost)  
  95  10:40  Probe (Chrono Boost)  
  99  10:50  Probe x3 (Chrono Boost)  
  101  11:01  Probe (Chrono Boost)  
  101  11:02  Probe x2 (Chrono Boost)  
  101  11:03  Immortal  
  101  11:04  Void Ray, Photon Cannon  
  108  11:07  Pylon  
  112  11:43  Immortal  
  112  11:47  Void Ray  
  116  11:48  Photon Cannon  
  116  11:49  Gateway  
  116  11:51  Stalker x3  
  116  11:52  Stalker  
  116  11:53  Assimilator  
  128  11:59  Assimilator  
  128  12:01  Protoss Shields Level 2  
  128  12:02  Protoss Air Armor Level 1  
  128  12:11  Fleet Beacon  
  128  12:18  Stargate  
  128  12:22  Immortal  
  132  12:35  Pylon  
  132  12:37  Pylon  
  132  12:39  Pylon  
  132  12:40  Probe (Chrono Boost)  
  133  12:53  Void Ray  
  133  12:54  Probe x2 (Chrono Boost)  
  145  12:59  Zealot x3  
  145  13:00  Zealot  
  145  13:04  Dark Templar  
  151  13:48  Stalker  
  151  13:49  Stalker, Dark Templar  
  151  13:53  Nexus  
  157  13:57  Pylon  
  157  13:59  Pylon  
  157  14:00  Pylon  
  157  14:02  Pylon  
  157  14:04  Pylon  
  157  14:08  Stargate  
  140  14:55  Stalker x2  
  140  14:56  Stalker x3  
Tags
 
Add a new tag
Caveats
  • Supply blocks, unpowered buildings, or Contaminate may cause inaccurate times.
  • Supply counts are checked every 10 seconds.